[Event "*** Titled Tuesday Blitz"]
[Site "Chess.com"]
[Date "2020.04.21"]
[Round "8"]
[White "Ladislav1969"]
[Black "ZeZacarias"]
[Result "1-0"]
[WhiteElo "2260"]
[BlackElo "2065"]
[TimeControl "180+1"]
[EndTime "11:38:42 PDT"]
[Termination "Ladislav1969 won on time"]

1. e4 d5 2. exd5 Nf6 3. Nc3 Nxd5 4. Nf3 Bg4 5. Be2 e6 6. d4 Be7 7. O-O O-O 8. Ne4 Nd7 9. c4 N5f6 10. Ng3 c5 11. h3 Bxf3 12. Bxf3 cxd4 13. Qxd4 e5 14. Qc3 Qc7 15. Nf5 Rfe8 16. Nxe7+ Rxe7 17. Be3 e4 18. Be2 b6 19. Rfd1 Rd8 20. Qd2 Ree8 21. Bf4 Qc8 22.
Qe3 Nc5 23. b3 Rxd1+ 24. Rxd1 Rd8 25. Bd6 Nd3 26. Ba3 Qf5 27. f3 Re8 28. fxe4 Rxe4 29. Qxd3 h6 30. Qf3 Rf4 31. Rd8+ Kh7 32. Bd3 1-0

[Event "*** Titled Tuesday Blitz"]
[Site "Chess.com"]
[Date "2020.04.21"]
[Round "8"]
[White "TERMINATOR_PC"]
[Black "SerGo055"]
[Result "0-1"]
[WhiteElo "2404"]
[BlackElo "2581"]
[TimeControl "180+1"]
[EndTime "11:38:44 PDT"]
[Termination "SerGo055 won on time"]

1. e4 d5 2. exd5 Qxd5 3. Nc3 Qd8 4. d4 Nf6 5. Bg5 c6 6. Qd2 Bf5 7. f3 e6 8. g4 Bg6 9. h4 h5 10. Bxf6 gxf6 11. g5 Bd6 12. O-O-O Nd7 13. Kb1 Qa5 14. Ne4 Qxd2 15. Nxd6+ Ke7 16. Rxd2 Kxd6 17. Nh3 fxg5 18.
Nxg5 Ke7 19. Bd3 Bxd3 20. Rxd3 Nf6 21. c4 Rad8 22. Kc2 b5 23. b3 Rd7 24. Rhd1 Rb8 25. Kc3 bxc4 26. bxc4 Rdb7 27. R3d2 Rb4 28. a3 Rb3+ 29. Kc2 Rxa3 30. Rd3 Ra2+ 31. Kc3 Rab2 32. d5 c5 33. d6+ Kd7 0-1

[Event "*** Titled Tuesday Blitz"]
[Site "Chess.com"]
[Date "2020.04.21"]
[Round "8"]
[White "IMTominho"]
[Black "Shant_Sargsyan"]
[Result "0-1"]
[WhiteElo "2805"]
[BlackElo "3004"]
[TimeControl "180+1"]
[EndTime "11:38:45 PDT"]
[Termination "Shant_Sargsyan won by resignation"]

1. d4 Nf6 2. c4 e6 3. Nf3 d5 4. Nc3 Bb4 5. cxd5 exd5 6. Bg5 h6 7.
Bxf6 Qxf6 8. Qa4+ Nc6 9. e3 O-O 10. Rc1 Qg6 11. Qd1 Ne7 12. a3 Bxc3+ 13. Rxc3 c6 14. h3 a5 15. Bd3 Qf6 16. O-O Bf5 17. Ne5 Qe6 18. Rb3 Ra7 19. Qf3 f6 20. Bxf5 Qxf5 21.
Qxf5 Nxf5 22. Nd7 Rf7 23. Nc5 Nd6 24. a4 h5 25. Rc1 h4 26. Kf1 Re7 27. Nd3 g5 28.
Rb6 Nc4 29. Rxc4 dxc4 30. Nc5 f5 31. Ke2 g4 32. b3 c3 33. b4 axb4 34. Rxb4 g3 35.
fxg3 hxg3 36. Kf3 f4 37. exf4 b5 38. axb5 cxb5 39. Rb3 c2 40. Nd3 Rec7 41. Kg4 Ra1 42. Rxb5 Rd1 0-1

[Event "*** Titled Tuesday Blitz"]
[Site "Chess.com"]
[Date "2020.04.21"]
[Round "8"]
[White "Fh2411"]
[Black "MarcoRiehle"]
[Result "1-0"]
[WhiteElo "2486"]
[BlackElo "2592"]
[TimeControl "180+1"]
[EndTime "11:38:45 PDT"]
[Termination "Fh2411 won on time"]

1. d4 d5 2. Nf3 e6 3. Bf4 Bd6 4. Bg3 c5 5. e3 Nf6 6. c3 O-O 7.
Nbd2 Qc7 8. Ne5 Nfd7 9. Nxd7 Nxd7 10. Nf3 b6 11. Be2 Bb7 12. Bb5 Bc6 13. Bxc6 Qxc6 14. O-O Rfe8 15. Qd2 Bxg3 16. hxg3 cxd4 17. cxd4 Qb5 18. Rfc1 Rac8 19. Rc3 Nf6 20. Qc2 Rxc3 21. Qxc3 Ne4 22. Qc7 Qxb2 23. Rf1 Nd2 24. Ne5 Rf8 25.
Re1 Nc4 26. Nd7 Re8 27. Qxa7 b5 28. Nc5 Qa3 29. Qd7 Rf8 30. Qxb5 Qxa2 31. Qd7 h6 32. Qe7 1-0

[Event "*** Titled Tuesday Blitz"]
[Site "Chess.com"]
[Date "2020.04.21"]
[Round "8"]
[White "ItsCheckM8Mate"]
[Black "ApacheSVD"]
[Result "0-1"]
[WhiteElo "2243"]
[BlackElo "2416"]
[TimeControl "180+1"]
[EndTime "11:38:45 PDT"]
[Termination "ApacheSVD won on time"]

1. e4 c5 2. Nf3 d6 3. d4 cxd4 4. Nxd4 Nf6 5. Nc3 g6 6. Be3 Bg7 7. f3 O-O 8. Qd2 Nc6 9. g4 e6 10. O-O-O d5 11. g5 Nh5 12. exd5 Nxd4 13. Bxd4 Bxd4 14.
Qxd4 Qxg5+ 15. Kb1 exd5 16. Nxd5 Be6 17. h4 Qxd5 18.
Qxd5 Bxd5 19. Rxd5 Rad8 20. Bc4 Nf4 21. Rxd8 Rxd8 22.
a4 Rd4 23. b3 h5 24. Kb2 Ng2 25. Kc3 Rxh4 26. Rd1 Ne3 27. Rd7 Nxc4 28. bxc4 Rf4 29. Rxb7 h4 30. c5 h3 31. c6 Rf6 32. c7 Rc6+ 33. Kd3 Kg7 34. Rb1 Rxc7 35. Rh1 Rd7+ 36. Ke2 Rd4 37. Rxh3 Rxa4 38. Kd3 f5 0-1

[Event "*** Titled Tuesday Blitz"]
[Site "Chess.com"]
[Date "2020.04.21"]
[Round "8"]
[White "politeplayer"]
[Black "Quattroporte300"]
[Result "1-0"]
[WhiteElo "2184"]
[BlackElo "2266"]
[TimeControl "180+1"]
[EndTime "11:38:45 PDT"]
[Termination "politeplayer won on time"]

1. e4 e5 2. Nc3 Nf6 3. Bc4 Nc6 4. d3 h6 5. f4 Bc5 6. Nf3 d6 7. f5 Na5 8. Bb3 Nxb3 9. axb3 c6 10. Qe2 O-O 11. Na4 Bb4+ 12. c3 Ba5 13. b4 Bc7 14. b3 a5 15. Rb1 axb4 16. cxb4 d5 17.
O-O Re8 18. Kh1 b6 19. g4 Ba6 20. g5 dxe4 21. gxf6 exf3 22. Qxf3 Qxf6 23. Rg1 Kh8 24. Rb2 Rad8 25. Rbg2 Rxd3 26. Qh5 Rg8 27. Bxh6 gxh6 28. Rxg8+ Kh7 29. Rf8 Rd7 30. Rgg8 Rd1+ 31. Qxd1 Bb7 32. Rh8+ Qxh8 33. Rxh8+ 1-0

[Event "*** Titled Tuesday Blitz"]
[Site "Chess.com"]
[Date "2020.04.21"]
[Round "8"]
[White "mjray79"]
[Black "robertofabregas"]
[Result "1-0"]
[WhiteElo "2268"]
[BlackElo "2124"]
[TimeControl "180+1"]
[EndTime "11:38:45 PDT"]
[Termination "mjray79 won on time"]

1. d4 Nf6 2. c4 e6 3. g3 d5 4. Bg2 c6 5. Nf3 Nbd7 6. O-O Be7 7. Qc2 O-O 8. b3 a5 9. Bb2 Re8 10. Nc3 Nf8 11. e4 dxe4 12. Nxe4 Ng6 13. Rad1 Qc7 14.
Qb1 e5 15. dxe5 Nxe4 16. Qxe4 Bb4 17. a3 Bc5 18. Rfe1 Be6 19. Ng5 Rad8 20. Nxe6 Rxe6 21. Bh3 Rxd1 22. Rxd1 Re8 23. e6 Nf8 24. exf7+ Qxf7 25. Qg2 Re2 26. Bc3 Qxf2+ 27. Qxf2 Rxf2 28. b4 Rf3+ 29. bxc5 Rxc3 30. Rd8 Kf7 31. Rb8 Rxc4 32. Rxb7+ Kg6 33.
Rb8 Kf7 34. Rb7+ Kf6 35. Rb8 Ne6 36. Rb1 Rxc5 37. Rf1+ Ke7 38. Re1 1-0

[Event "*** Titled Tuesday Blitz"]
[Site "Chess.com"]
[Date "2020.04.21"]
[Round "8"]
[White "GuerrieroFromLevant"]
[Black "Andrei_Belozerov"]
[Result "1-0"]
[WhiteElo "2428"]
[BlackElo "2566"]
[TimeControl "180+1"]
[EndTime "11:38:46 PDT"]
[Termination "GuerrieroFromLevant won by checkmate"]

1. e4 c5 2. Nf3 d6 3. Bb5+ Nd7 4. Ba4 Nf6 5. O-O e6 6. Re1 Be7 7. c4 O-O 8. Nc3 b6 9. d4 cxd4 10. Nxd4 Bb7 11. Bc6 Qc8 12. Bxb7 Qxb7 13. Ndb5 Qc6 14. Bf4 Rfd8 15. Rc1 Ne5 16. b3 a6 17. Nd4 Qb7 18. h3 Rac8 19. Bh2 Ned7 20. f4 Nc5 21. Qf3 Bf8 22. f5 e5 23. Nc2 b5 24. Rcd1 Ncd7 25.
Ne3 bxc4 26. Nxc4 Nb6 27. Nxb6 Qxb6+ 28. Kh1 Rc6 29. g4 Rdc8 30. Rd3 Qa5 31. Ree3 Qa3 32. g5 Nd7 33. g6 hxg6 34. fxg6 fxg6 35. Qg4 Nf6 36.
Qe6+ Kh7 37. Bg1 Qc1 38. Rd1 Qc2 39. Nd5 Qxd1 40. Nxf6+ gxf6 41. Rg3 Bg7 42. Rg4 g5 43. Qf5+ Kg8 44. Qe6+ Kf8 45. Qf5 Rc1 46. Rxg5 R8c2 47. Rg6 Kf7 48. Rg3 Qf1 49. Qg6+ Ke6 50. Qg4+ Ke7 51. Qxg7+ Kd8 52. Qg8+ Kc7 53. Rg7+ Kc6 54. Qd5# 1-0

[Event "*** Titled Tuesday Blitz"]
[Site "Chess.com"]
[Date "2020.04.21"]
[Round "8"]
[White "FLamps8"]
[Black "ahappypawn"]
[Result "1-0"]
[WhiteElo "2535"]
[BlackElo "2372"]
[TimeControl "180+1"]
[EndTime "11:38:46 PDT"]
[Termination "FLamps8 won on time"]

1. d4 d5 2. Nc3 e6 3. Bf4 Nf6 4. e3 a6 5. Nf3 c5 6. Ne5 Nc6 7. Bd3 Bd6 8. Nxc6 bxc6 9. Bxd6 Qxd6 10. dxc5 Qxc5 11. e4 dxe4 12. Bxe4 Nxe4 13. Nxe4 Qb4+ 14.
Nc3 Qxb2 15. Ne2 O-O 16. O-O c5 17. Qd2 Rb8 18. Nc3 Bb7 19. Rab1 Qa3 20. Rb3 Qa5 21.
Rfb1 Qc7 22. Qe3 c4 23. Rb4 Bd5 24. Qd4 Rxb4 25. Rxb4 Rd8 26. Qb6 Qc8 27. h3 h6 28.
Na4 Qd7 29. Nc5 Qd6 30. Qxd6 Rxd6 31. Rb8+ Kh7 32. c3 Rc6 33. Nd7 1-0

[Event "*** Titled Tuesday Blitz"]
[Site "Chess.com"]
[Date "2020.04.21"]
[Round "8"]
[White "arminmusovic"]
[Black "canhhuan"]
[Result "0-1"]
[WhiteElo "2485"]
[BlackElo "2653"]
[TimeControl "180+1"]
[EndTime "11:38:47 PDT"]
[Termination "canhhuan won by resignation"]

1. a3 g6 2. Nc3 Bg7 3. e4 c6 4. d4 d5 5. e5 f6 6. exf6 Nxf6 7.
Nf3 O-O 8. h3 c5 9. dxc5 Nc6 10.
Bb5 e5 11. O-O d4 12. Bc4+ Kh8 13. Nb5 Ne8 14. Ng5 a6 15. Nd6 Nxd6 16. cxd6 Qxd6 17. Nf7+ Rxf7 18. Bxf7 Bf5 19. b4 Rc8 20. Bb2 e4 21. Re1 Rf8 22. Bb3 h5 23. Qd2 Kh7 24. Rad1 Qf6 25.
Qe2 Qg5 26. Bc1 Qh4 27. Bd5 d3 28. cxd3 Nd4 29. Qf1 exd3 30. Rxd3 Bxd3 31. Qxd3 Qxf2+ 32. Kh2 Qxe1 33. Be3 Be5+ 0-1

[Event "*** Titled Tuesday Blitz"]
[Site "Chess.com"]
[Date "2020.04.21"]
[Round "8"]
[White "chessfrendz"]
[Black "Gandrade2"]
[Result "1-0"]
[WhiteElo "2264"]
[BlackElo "1982"]
[TimeControl "180+1"]
[EndTime "11:38:47 PDT"]
[Termination "chessfrendz won by checkmate"]

1. d4 d5 2. Nf3 Nf6 3. c4 e6 4. Nc3 a6 5. Bg5 dxc4 6. a4 Nc6 7. e3 Na5 8. Ne5 Be7 9. Nxc4 Nxc4 10. Bxc4 O-O 11. O-O b6 12. Qf3 Ra7 13. Rfd1 Bb7 14. Qh3 h6 15. Bxh6 gxh6 16. Qxh6 Nd5 17. Bd3 Nf6 18. Bc2 Re8 19. Qg5+ Kh8 20. e4 Nh7 21. Qh5 Rg8 22. e5 Rg7 23. Ne4 Qg8 24. Ng3 Rg5 25. Qh3 Kg7 26. f4 Rxg3 27. hxg3 Qh8 28. Kf2 Nf8 29.
Qg4+ Ng6 30. Rh1 Qd8 31. Rad1 Qd5 32. Qh3 Kf8 33. Bxg6 fxg6 34. Qh8+ Kf7 35. Rh7# 1-0

[Event "*** Titled Tuesday Blitz"]
[Site "Chess.com"]
[Date "2020.04.21"]
[Round "8"]
[White "VerdeNotte"]
[Black "wonderfultime"]
[Result "0-1"]
[WhiteElo "2752"]
[BlackElo "2920"]
[TimeControl "180+1"]
[EndTime "11:38:48 PDT"]
[Termination "wonderfultime won by checkmate"]

1. e4 c5 2. Nc3 Nc6 3. Bb5 g6 4. Bxc6 bxc6 5. d3 Bg7 6. f4 Nf6 7.
Nf3 O-O 8. O-O d5 9. e5 Nd7 10.
Na4 f6 11. e6 Nb6 12. Nxc5 Qd6 13. d4 Bxe6 14. Nxe6 Qxe6 15. Re1 Qd6 16. a4 Rfe8 17. b3 Nd7 18. Ba3 Qxf4 19. Re6 f5 20. Bxe7 Nf8 21. Re2 Qc7 22. Qe1 Nd7 23. Re6 Nf8 24. Bxf8 Kxf8 25. Rxe8+ Rxe8 26. Qh4 h6 27. Re1 Re4 28. Qf2 Qa5 29. Re2 Qc3 30. g3 Kg8 31. Kg2 Bf6 32. h4 Kg7 33. Ne5 a5 34. Rxe4 dxe4 35. h5 Bxe5 36. dxe5 e3 37. Qe2 Qxe5 38. Kf3 Qe4# 0-1

[Event "*** Titled Tuesday Blitz"]
[Site "Chess.com"]
[Date "2020.04.21"]
[Round "8"]
[White "chito89"]
[Black "RoelandPruijssers"]
[Result "0-1"]
[WhiteElo "2747"]
[BlackElo "2635"]
[TimeControl "180+1"]
[EndTime "11:38:48 PDT"]
[Termination "RoelandPruijssers won on time"]

1. d4 f5 2. c4 Nf6 3. Nf3 g6 4. g3 Bg7 5. Bg2 O-O 6. O-O d6 7. Nc3 Qe8 8. b3 Na6 9. Ba3 c6 10. Qc2 Rb8 11. e4 fxe4 12. Nxe4 Bf5 13. Nxf6+ Bxf6 14. Qe2 b5 15. Rfe1 Qd7 16. Bb2 Nb4 17. Rad1 Nxa2 18.
d5 Bxb2 19. Qxb2 Nb4 20. Nd4 c5 21. Nc6 Rbe8 22. Qe2 e5 23. Nxb4 cxb4 24. cxb5 Rb8 25. Ra1 Rxb5 26. Qc4 a5 27. Rec1 Rc5 28. Qa6 Rxc1+ 29.
Rxc1 Rc8 30. Rxc8+ Qxc8 31. Qxd6 Qc1+ 32. Bf1 Bh3 33.
Qd8+ Kf7 0-1

[Event "*** Titled Tuesday Blitz"]
[Site "Chess.com"]
[Date "2020.04.21"]
[Round "8"]
[White "doons21"]
[Black "karinachess1"]
[Result "0-1"]
[WhiteElo "2602"]
[BlackElo "2482"]
[TimeControl "180+1"]
[EndTime "11:38:48 PDT"]
[Termination "karinachess1 won by resignation"]

1. e4 e5 2. Nf3 Nc6 3. Bb5 a6 4.
Ba4 Nf6 5. Qe2 b5 6. Bb3 Be7 7. c3 O-O 8. O-O d5 9. exd5 Nxd5 10. Nxe5 Nf4 11. Qe4 Nxe5 12. Qxf4 Nd3 13. Qe4 Nxc1 14.
Rxc1 Rb8 15. Bc2 g6 16. d4 Bg5 17. Re1 Bf5 18. Qe2 Re8 19. Qf1 Bxc2 20. Na3 Rxe1 21.
Rxe1 Bf5 22. f4 Bf6 23. Qf3 Qd7 24. h3 Re8 25. Rxe8+ Qxe8 26. g4 Be4 27. Qe3 Bc6 28. Qxe8+ Bxe8 29. Nc2 Bc6 30. Nb4 Bb7 31. Nd3 Be7 32. Kf2 f6 33. Ke3 Kf7 34. b3 Ke6 35. c4 bxc4 36. bxc4 c6 37. Nc1 a5 38. Ne2 Ba6 39.
Kd3 Bd6 40. Kc3 h5 41. f5+ Kf7 42. gxh5 gxh5 43. Ng1 Bc8 44. c5 Bc7 0-1

[Event "*** Titled Tuesday Blitz"]
[Site "Chess.com"]
[Date "2020.04.21"]
[Round "8"]
[White "AnastasiaProtopopova"]
[Black "GodDMuhammad"]
[Result "1-0"]
[WhiteElo "2292"]
[BlackElo "2180"]
[TimeControl "180+1"]
[EndTime "11:38:48 PDT"]
[Termination "AnastasiaProtopopova won by resignation"]

1. d4 Nc6 2. c4 e5 3. d5 Nce7 4.
e4 d6 5. g3 f5 6. Bg2 Nf6 7. Nc3 g6 8. Nge2 Bg7 9. O-O O-O 10.
f4 Nd7 11. fxe5 Nxe5 12. b3 Bd7 13. Be3 a6 14. Bd4 c5 15. dxc6 bxc6 16. Qd2 Qc7 17. Rad1 Rad8 18. Na4 c5 19. Be3 Bxa4 20. bxa4 Nxc4 21.
Qd3 Nxe3 22. Qxe3 fxe4 23. Qxe4 Be5 24. Nf4 Bxf4 25. Rxf4 Rxf4 26. Qxf4 Kg7 27. Rf1 Nf5 28. g4 Ne7 29. Qf6+ Kg8 30. g5 d5 31. Bh3 Nf5 32.
Bxf5 gxf5 33. Rxf5 Qd7 34. g6 hxg6 35. Rg5 Rf8 36. Qxg6+ Kh8 37. Rh5+ 1-0

[Event "*** Titled Tuesday Blitz"]
[Site "Chess.com"]
[Date "2020.04.21"]
[Round "8"]
[White "RovenVogel"]
[Black "bazar-wokzal"]
[Result "1-0"]
[WhiteElo "2695"]
[BlackElo "2531"]
[TimeControl "180+1"]
[EndTime "11:38:49 PDT"]
[Termination "RovenVogel won on time"]

1. d4 Nf6 2. c4 Nc6 3. Nf3 e6 4. g3 Bb4+ 5. Bd2 a5 6. Bg2 d6 7. O-O e5 8. Bg5 exd4 9. Nxd4 Ne5 10. a3 Bc5 11. Nc3 Neg4 12. Nd5 h6 13. Bxf6 Nxf6 14. b4 Ba7 15. e3 O-O 16. Qc2 Nxd5 17. cxd5 Bxd4 18.
exd4 axb4 19. axb4 Rxa1 20. Rxa1 Bg4 21. h3 Bh5 22.
Rc1 Qf6 23. Qxc7 Qxd4 24. Qxd6 Ra8 25. Qc5 Qd2 26. Qc3 Qxc3 27. Rxc3 Ra1+ 28. Kh2 Ra2 29. g4 Bg6 30. Kg3 Rb2 31. f4 f5 32. d6 Rd2 33.
Bxb7 Rxd6 34. Bf3 Rb6 35. Rc6 Rxb4 36. Rxg6 Kh7 37. Ra6 fxg4 38. hxg4 g5 39. Ra7+ Kh8 40. fxg5 1-0

[Event "*** Titled Tuesday Blitz"]
[Site "Chess.com"]
[Date "2020.04.21"]
[Round "8"]
[White "eldur16"]
[Black "smshk35"]
[Result "1-0"]
[WhiteElo "2524"]
[BlackElo "2356"]
[TimeControl "180+1"]
[EndTime "11:38:50 PDT"]
[Termination "eldur16 won on time"]

1. c4 g6 2. g3 Bg7 3. Bg2 Nf6 4. Nc3 O-O 5. e4 c5 6. Nge2 Nc6 7. d3 Ne8 8. Be3 d6 9. O-O Nc7 10. Qd2 Ne6 11. f4 Ned4 12. Rae1 f5 13. exf5 gxf5 14. h3 Kh8 15. Kh2 a6 16. b3 Rb8 17. Rc1 b5 18.
Rfe1 b4 19. Nd1 a5 20. Nf2 a4 21. Rb1 axb3 22. axb3 Qa5 23. Nxd4 Nxd4 24. Bxd4 Bxd4 25. Rxe7 Qd8 26. Re2 Qf6 27. Nd1 Bb7 28. Ne3 Rg8 29. Bxb7 Rxb7 30. Nd5 Qg6 31. Rg2 Rbg7 32. Re1 Ra8 33.
Qe2 Rga7 34. Qf3 Ra2 35. Rxa2 Rxa2+ 36. Re2 Ra1 37. Ne7 Qf6 38. Qd5 Qg7 39. Nxf5 Bg1+ 40.
Kg2 1-0

[Event "*** Titled Tuesday Blitz"]
[Site "Chess.com"]
[Date "2020.04.21"]
[Round "8"]
[White "fancyknightmaneuvers"]
[Black "Nara_Kh"]
[Result "1-0"]
[WhiteElo "2585"]
[BlackElo "2359"]
[TimeControl "180+1"]
[EndTime "11:38:51 PDT"]
[Termination "fancyknightmaneuvers won by resignation"]

1. e4 c5 2. Nf3 d6 3. Bb5+ Nd7 4. O-O a6 5. Bd3 Ngf6 6. Re1 g6 7. c3 Bg7 8. Bc2 O-O 9. d4 e5 10. dxe5 dxe5 11. a4 Qe7 12. Na3 Nb8 13. Nc4 Nc6 14. Bg5 Bg4 15. h3 Bxf3 16. Qxf3 h6 17. Bh4 Rad8 18. a5 Qe6 19. Bb3 g5 20. Bg3 Rfe8 21. Ra3 Qe7 22. Nb6 Qc7 23. Nc4 Rf8 24. Ba2 Nd7 25. Ne3 Qd6 26. Nf5 Qf6 27. Bd5 Rfe8 28. h4 Nf8 29. hxg5 hxg5 30. Rb1 Ng6 31. Ra4 Nf4 32. Bxf4 exf4 33. Bxc6 Qxc6 34. Rc4 Re5 35. b4 Rde8 36. bxc5 Rxc5 37. Rxc5 Qxc5 38. Qg4 Rxe4 39.
Qxg5 Qxc3 40. Rxb7 Qe1+ 41. Kh2 Qa1 42. Rb8+ Kh7 43. Qh5+ 1-0

[Event "*** Titled Tuesday Blitz"]
[Site "Chess.com"]
[Date "2020.04.21"]
[Round "8"]
[White "DDTerziev04"]
[Black "kuba2006"]
[Result "0-1"]
[WhiteElo "2297"]
[BlackElo "2446"]
[TimeControl "180+1"]
[EndTime "11:38:51 PDT"]
[Termination "kuba2006 won on time"]

1. e4 e5 2. Nf3 Nc6 3. Bc4 Nf6 4.
d3 Bc5 5. O-O O-O 6. Nbd2 d6 7.
c3 a6 8. Bb3 Ba7 9. h3 Be6 10.
Re1 Qd7 11. Nf1 Na5 12. Bc2 b5 13. N3h2 Ne8 14. b4 Nc6 15. Bb3 Kh8 16. Ng3 g6 17. Bh6 Ng7 18. Bxg7+ Kxg7 19. Ng4 f5 20. exf5 gxf5 21. Nh2 Kh8 22. Qh5 Rg8 23. Qh4 Bxb3 24. axb3 Qg7 25. Rxa6 Bxf2+ 26. Kxf2 Rxa6 27. Re2 f4 28. Nf5 Qxg2+ 29. Ke1 Qg1+ 30. Nf1 Ra1+ 31. Kd2 Ra2+ 32.
Ke1 Rxe2+ 33. Kxe2 Rg2+ 34. Ke1 Rg6 35. c4 f3 36. cxb5 Qg2 0-1

[Event "*** Titled Tuesday Blitz"]
[Site "Chess.com"]
[Date "2020.04.21"]
[Round "8"]
[White "RubensCezila"]
[Black "fidezivkovic"]
[Result "1-0"]
[WhiteElo "2426"]
[BlackElo "2282"]
[TimeControl "180+1"]
[EndTime "11:38:51 PDT"]
[Termination "RubensCezila won on time"]

1. c4 e5 2. Nc3 Nf6 3. Nf3 Nc6 4. d3 Bb4 5. Bd2 O-O 6. e4 d6 7. h3 a5 8. Be2 h6 9. O-O Re8 10. Rc1 Nh7 11. a3 Bc5 12. Nd5 f5 13. b4 axb4 14. axb4 Ba7 15. c5 f4 16. b5 Ne7 17. Nxc7 Qxc7 18. b6 Bxb6 19. Qb3+ Kh8 20. cxb6 Qd8 21. d4 Nc6 22. Rxc6 bxc6 23. b7 Bxb7 24.
Qxb7 Nf6 25. Bd3 Ra3 26. Bb1 exd4 27. Qxc6 d3 28. Re1 Qb8 29. Qc1 Rb3 30. Nd4 Rc8 31. Qd1 1-0

[Event "*** Titled Tuesday Blitz"]
[Site "Chess.com"]
[Date "2020.04.21"]
[Round "8"]
[White "vinniethepooh"]
[Black "BogdanDeac"]
[Result "0-1"]
[WhiteElo "2625"]
[BlackElo "2908"]
[TimeControl "180+1"]
[EndTime "11:38:52 PDT"]
[Termination "BogdanDeac won on time"]

1. d4 d5 2. c4 e6 3. Nc3 c6 4. Nf3 Nf6 5. g3 dxc4 6. Bg2 b5 7. Ne5 a6 8. O-O Bb7 9. b3 b4 10. Na4 c3 11. a3 a5 12. axb4 axb4 13. e4 Be7 14.
Nc4 Nbd7 15. Bf4 O-O 16. Nd6 Ba6 17. Re1 Bb5 18. e5 Nd5 19. Bxd5 exd5 20. Nf5 g6 21. Nh6+ Kg7 22. Qg4 f5 23. exf6+ Nxf6 24. Qg5 Ne4 25. Be5+ Bf6 26. Rxe4 dxe4 27. Ng4 Bxa4 28. Nxf6 Rxf6 29. bxa4 b3 30. Bxf6+ Qxf6 31. Qc5 c2 32. Ra3 Qf8 33. Qc3 Qxa3 34. d5+ Kg8 0-1

[Event "*** Titled Tuesday Blitz"]
[Site "Chess.com"]
[Date "2020.04.21"]
[Round "8"]
[White "TengisChess"]
[Black "GM_LOADING"]
[Result "1-0"]
[WhiteElo "2479"]
[BlackElo "2499"]
[TimeControl "180+1"]
[EndTime "11:38:52 PDT"]
[Termination "TengisChess won on time"]

1. c4 e6 2. Nf3 d5 3. g3 Nf6 4.
Bg2 d4 5. O-O c5 6. e3 Nc6 7.
exd4 cxd4 8. d3 Bd6 9. a3 a5 10.
Bg5 h6 11. Bxf6 Qxf6 12. Nbd2 Qe7 13. Ne4 Bc7 14. Re1 O-O 15. Rc1 f5 16. Ned2 Bd7 17. c5 a4 18. Nc4 Qxc5 19. Nce5 Qe7 20. Ng6 Qf7 21. Nxf8 Qxf8 22. Nxd4 Nxd4 23. Rxc7 Qd6 24. Rc4 Bb5 25. Rb4 Rc8 26. Qd2 Rc2 27. Qe3 e5 28. h4 Qb6 29. Qxe5 Nf3+ 30. Kh1 Qxf2 31. Qe6+ Kh7 32.
Qxf5+ Kh8 33. Qxf3 Qxe1+ 34. Kh2 Rf2 35. Qxb7 Bxd3 36.
Rf4 Rxf4 37. Qb8+ Kh7 38. Qxf4 Bg6 39. Qxa4 Qe2 40. Qb4 Qf2 41. a4 Bh5 42. Qe4+ Bg6 43.
Qe5 Bd3 44. a5 Qc2 45. b4 Qd2 46. Qd4 1-0

[Event "*** Titled Tuesday Blitz"]
[Site "Chess.com"]
[Date "2020.04.21"]
[Round "8"]
[White "Echecmat"]
[Black "EddieMarsalla"]
[Result "0-1"]
[WhiteElo "2187"]
[BlackElo "2541"]
[TimeControl "180+1"]
[EndTime "11:38:53 PDT"]
[Termination "EddieMarsalla won by checkmate"]

1. e4 d5 2. exd5 Qxd5 3. Nc3 Qe5+ 4. Qe2 Qxe2+ 5. Ngxe2 c6 6. g3 Bf5 7. d3 e6 8. Bg2 Nd7 9. O-O Ngf6 10. a4 Bc5 11.
a5 a6 12. Be3 O-O 13. Na4 Bxe3 14. fxe3 Rfd8 15. h3 h6 16. Kf2 Nf8 17. Nc5 Rab8 18. Ra3 N6d7 19. Nxd7 Rxd7 20. Rb3 Rbd8 21. Nc3 e5 22.
Na4 Ne6 23. Ra1 Kf8 24. Rb6 Rc7 25. Ra3 Rdd7 26. Rab3 Ke7 27. Ke2 f6 28. Rc3 Kd6 29.
b4 Bg6 30. Nc5 Nxc5 31. bxc5+ Ke7 32. Rcb3 Bf7 33. Rb1 f5 34. g4 fxg4 35. hxg4 Be6 36. Bf3 Kd8 37. Rh1 Rf7 38. Rg1 Rf6 39. Be4 Rcf7 40.
Rgb1 Bxg4+ 41. Kd2 Bc8 42. R6b2 g5 43. d4 exd4 44.
exd4 g4 45. Kc3 h5 46. Kc4 h4 47. d5 Rf4 48. Re1 cxd5+ 49. Kxd5 Re7 50. Rbb1 h3 51.
c6 bxc6+ 52. Kxc6 Rexe4 53. Rbd1+ Ke7 54. Rxe4+ Rxe4 55. Rg1 h2 56. Rf1 g3 57. Rh1 Bg4 58.
Rxh2 gxh2 59. Kc5 h1=Q 60. Kb6 Rb4+ 61. Kxa6 Qb7# 0-1

[Event "*** Titled Tuesday Blitz"]
[Site "Chess.com"]
[Date "2020.04.21"]
[Round "8"]
[White "2L8IWUN"]
[Black "GukeshDommaraju"]
[Result "0-1"]
[WhiteElo "2465"]
[BlackElo "2699"]
[TimeControl "180+1"]
[EndTime "11:38:54 PDT"]
[Termination "GukeshDommaraju won by checkmate"]

1. Nf3 Nf6 2. b3 g6 3. Bb2 Bg7 4. g3 d6 5. Bg2 e5 6. O-O O-O 7. d4 e4 8. Ne1 Re8 9. e3 Bg4 10. Qd2 Nc6 11. c4 Qd7 12. Nc3 Bh3 13. f3 Bxg2 14.
Kxg2 exf3+ 15. Nxf3 Ne4 16. Nxe4 Rxe4 17. Rae1 Rae8 18.
Bc3 h6 19. d5 Ne5 20. Nxe5 Bxe5 21. Bxe5 R8xe5 22. Rf4 h5 23. Qd3 Qe7 24. Kf3 f5 25.
h4 Kh7 26. Re2 c6 27. dxc6 bxc6 28. Kf2 d5 29. cxd5 cxd5 30. Rxe4 fxe4 31. Qc3 Qf7+ 32. Kg1 Rf5 33. Kg2 Rf1 34. Kh2 Rd1 35. Qe5 Rc1 36. Rd2 a6 37. Qxd5 Qf3 38. Qd7+ Kh6 39. Rg2 Qf1 40. g4 Qh1+ 41. Kg3 Qe1+ 42. Kh2 Qxh4# 0-1

[Event "*** Titled Tuesday Blitz"]
[Site "Chess.com"]
[Date "2020.04.21"]
[Round "8"]
[White "Poghosyan_Suren"]
[Black "viktorskliarov"]
[Result "0-1"]
[WhiteElo "2502"]
[BlackElo "2681"]
[TimeControl "180+1"]
[EndTime "11:38:54 PDT"]
[Termination "viktorskliarov won by resignation"]

1. Nf3 g6 2. e4 c5 3. c3 Bg7 4. d4 cxd4 5. cxd4 d5 6. exd5 Nf6 7. Nc3 O-O 8. Bc4 Nbd7 9. a4 Nb6 10. Qb3 Nxc4 11.
Qxc4 Bg4 12. Ne5 Rc8 13. Qb3 e6 14. Bg5 Bf5 15. g4 Rxc3 16. bxc3 Be4 17. dxe6 Bxh1 18.
exf7+ Kh8 19. O-O-O Bd5 20. c4 Bxf7 21. Qxb7 Bg8 22.
Qxa7 Qc8 23. Qc5 Qxc5 24. dxc5 Ne4 25. Be7 Rxf2 26. Rd8 Bxe5 27. c6 Bb2+ 28. Kd1 Nc3+ 29. Ke1 Re2+ 30. Kf1 Rxe7 31. Rd7 Bxc4+ 32. Kg2 Re2+ 33.
Kf3 Nd5 34. Rxd5 Bxd5+ 35. Kxe2 Bxc6 36. a5 Bb5+ 37. Kd2 Bd4 38. h4 Ba7 39. Kc3 Kg7 40. Kb4 Ba6 41. g5 Kf7 42. Kc3 Ke6 43. Kd2 Kf5 44.
Ke1 Kg4 0-1

[Event "*** Titled Tuesday Blitz"]
[Site "Chess.com"]
[Date "2020.04.21"]
[Round "8"]
[White "Arman_Hakemi"]
[Black "WinningButNotReally"]
[Result "1-0"]
[WhiteElo "2565"]
[BlackElo "2408"]
[TimeControl "180+1"]
[EndTime "11:38:54 PDT"]
[Termination "Arman_Hakemi won by checkmate"]

1. Nf3 Nf6 2. b3 c5 3. Bb2 Nc6 4.
e3 g6 5. c4 Bg7 6. Be2 O-O 7.
O-O d5 8. cxd5 Qxd5 9. d4 cxd4 10. Nxd4 Nxd4 11. Bxd4 Rd8 12. Bf3 Qa5 13. Qc2 Bf5 14.
Qb2 Rab8 15. Nd2 Rbc8 16. Nc4 Qa6 17. Rac1 b6 18. Ne5 Be4 19. Bxe4 Nxe4 20. Nc6 Bxd4 21. Nxe7+ Kf8 22. exd4 Kxe7 23. Rce1 Qd3 24. Qa3+ Kd7 25. Qxa7+ Rc7 26. Qxb6 Nd6 27. Re3 Qc2 28. Rfe1 Nf5 29. Re5 Qc6 30. Qb4 Qd6 31. Qb5+ Kc8 32. Re8 Qc6 33.
Rxd8+ Kxd8 34. Qe5 Qd7 35. Qh8+ Qe8 36. Qxe8# 1-0